 Dungeon Crawl Stone Soup version 0.26-a0-639-g72c4674329 (webtiles) character file.

Game seed: 17996401809747468670

2235 Apogee the Thaumaturge (level 9, -5/48 HPs)
             Began as a Deep Elf Fire Elementalist on Sept 17, 2020.
             Was a Believer of Vehumet.
             Killed from afar by Harold (10 damage)
             ... with a harpoon shot
             ... on level 9 of the Dungeon.
             The game lasted 00:16:09 (8281 turns).

Apogee the Thaumaturge (Deep Elf Fire Elementalist) Turns: 8281, Time: 00:16:10

Health: -5/48      AC:  6    Str:  5    XL:     9   Next: 14%
Magic:  16/24      EV: 12    Int: 22    God:    Vehumet [**....]
Gold:   352        SH:  9    Dex: 16    Spells: 12/26 levels left

rFire    . . .     SeeInvis .   u - +0 short sword
rCold    . . .     Faith    .   G - +0 buckler
rNeg     + . .     Spirit   .   a - +0 robe
rPois    +         Reflect  +   (no helmet)
rElec    .         Harm     .   H - +2 ratskin cloak {*Rats rPois rN+ Str-1 Int-1 Dex+1}
rCorr    .         Rampage  .   s - +0 pair of gloves
MR       .....                  (no boots)
Stlth    ++........             r - amulet of reflection
HPRegen  0.16/turn              (no ring)
MPRegen  0.19/turn              (no ring)

@: no status effects
A: no striking features
a: Renounce Religion


You were on level 9 of the Dungeon.
You worshipped Vehumet.
Vehumet was pleased with you.
You visited 2 branches of the dungeon, and saw 8 of its levels.
You also visited: Ossuary.

You collected 352 gold pieces.

Inventory:

Hand Weapons
 u - a +0 short sword (weapon)
   (You took it off a kobold on level 3 of the Dungeon)
 y - a +0 club
   (You took it off a hobgoblin on level 1 of the Dungeon)
Missiles
 t - 155 stones (quivered)
Armour
 a - a +0 robe (worn)
 m - a +0 cloak
   (You found it on level 1 of the Dungeon)
 s - a +0 pair of gloves (worn)
   (You found it on level 3 of the Dungeon)
 G - a +0 buckler (worn)
   (You found it on level 5 of the Dungeon)
 H - the +2 ratskin cloak (worn) {*Rats rPois rN+ Str-1 Int-1 Dex+1}
   (You found it on level 5 of the Dungeon)

   It affects your strength (-1).
   It affects your intelligence (-1).
   It affects your dexterity (+1).
   It protects you from poison.
   It protects you from negative energy.
Jewellery
 r - an amulet of reflection (around neck)
   (You found it on level 2 of the Dungeon)
 E - an uncursed ring of protection from magic {unknown}
   (You found it on level 4 of the Dungeon)
 F - a +6 ring of dexterity {unknown}
   (You found it on level 5 of the Dungeon)
 I - a +6 ring of strength {unknown}
   (You found it on level 5 of the Dungeon)
 J - an uncursed ring of protection from fire {unknown}
   (You found it on level 9 of the Dungeon)
Wands
 c - a wand of disintegration (7)
   (You found it in an ossuary)
 v - a wand of digging (4)
   (You found it on level 6 of the Dungeon)
Scrolls
 b - 4 scrolls of remove curse {@r2}
 g - 2 scrolls of amnesia {unknown}
 h - 2 scrolls of enchant weapon {unknown}
 i - 2 scrolls of blinking {unknown}
 j - a scroll of fear {unknown}
 o - 2 scrolls of magic mapping {unknown}
 p - 3 scrolls of immolation {unknown}
 q - a scroll of fog {unknown}
 x - a scroll of enchant armour {unknown}
 D - a scroll of torment {unknown}
Potions
 d - a potion of invisibility {unknown}
 e - 3 potions of degeneration {!q}
 f - a potion of mutation {unknown}
 k - 3 potions of curing {@q1}
 l - 2 potions of lignification {!q}
 n - 3 potions of resistance
 w - a potion of brilliance {unknown}
 z - a potion of haste {unknown}
 A - 2 potions of might
 B - 2 potions of berserk rage
 C - a potion of magic {unknown}


   Skills:
 - Level 2.0 Fighting
 - Level 2.4 Dodging
 - Level 2.4 Stealth
 - Level 2.0 Shields
 + Level 9.2 Spellcasting
 + Level 7.3 Conjurations
 + Level 7.9 Fire Magic


You had 12 spell levels left.
You knew the following spells:

 Your Spells              Type           Power        Failure   Level
a - Foxfire               Conj/Fire      ####         1%          1
b - Sandblast             Erth           ##....       9%          1
f - Mephitic Cloud        Conj/Pois/Air  ###.....     9%          3
q - Sticky Flame          Conj/Fire      #####...     3%          4
x - Fireball              Conj/Fire      #####.....   10%         5

Your spell library contained the following spells:

 Spells                   Type           Power        Failure   Level
 Conjure Flame            Conj/Fire      #####...     1%          3
 Inner Flame              Hex/Fire       ####....     4%          3


Dungeon Overview and Level Annotations

Branches:
Dungeon (6/15)             Temple (1/1) D:4         Ossuary (visited)

Altars:
Ashenzari
Cheibriados
Dithmenos
Fedhas
Gozag
Kikubaaqudgha
Okawaru
Ru
Sif Muna
Trog
Uskayaw
Vehumet
Xom

Shops:
D:5 =

Annotations:
D:3 4 runed translucent doors, Crazy Yiuf; jt's ghost, amateur OpIE
D:5 2 transporters, Lanoc's ghost, novice TrDe
D:6 1 transporter
D:9 Harold


Message History

You feel sick. x3
You are no longer poisoned.
You start resting.
You start resting.
You now have 352 gold pieces (gained 21).
You open the door.
There is an open door here.
You open the door.
There is an open door here.
Found a falchion and a long sword.
You open the door.
There is an open door here.
There is an open door here.
You open the door.
Found a stone staircase leading up.
There is an open door here.
There is a stone staircase leading up here.
There is a stone staircase leading up here.
There is an open door here.
As you open the door, it creaks loudly!
There is an open door here.
You open the door.
Harold the Weathered comes into view.
He is wielding a +0 scimitar.
Found a falchion and 12 gold pieces.
The spell is quite dangerous to cast (10% risk of failure)!
Continue anyway?
Aim: Harold, wielding a +0 scimitar, wearing a +0 scale mail and quivering 5 throwing nets (asleep)
The fireball explodes!
The fireball engulfs Harold!
Harold shouts!
Harold throws a throwing net.
The throwing net misses you.
Found a stone staircase leading down.
There is an open door here.
Harold throws a throwing net.
The throwing net hits you.
You become entangled in the net!
You see here a throwing net {!f}.
You tear a large gash into the net.
You struggle against the net.
Harold hits you with a +0 scimitar!
Aim: Harold, wielding a +0 scimitar, wearing a +0 scale mail and quivering 3 throwing nets (moderately wounded)
The sticky flame hits Harold.
Harold is covered in liquid flames!
Harold burns!
You struggle against the net.
Harold burns!
Harold hits you with a +0 scimitar!!
* * * LOW HITPOINT WARNING * * *
A river rat scurries out from under your cloak.
You rip the net and break free!
Harold burns!
Harold hits you with a +0 scimitar!
* * * LOW HITPOINT WARNING * * *
Your river rat bites Harold.
Harold burns!
Harold fires a harpoon shot at you. The harpoon shot hits you!
You die...

#........# .......
#........# ........#
#........# ........#
#........### ........#
#........##.
........######........'..
.>......##.(.'........###
......).#..###........#
........@.## #..)..)..#
..$...r.### #........#
......@.# #........#
........# #######'##
#####+### ######.<.#
#......### #
##+###########
#.......##...'
#.......'..###


You could see Harold (burning) and a friendly river rat.

Vanquished Creatures
  Sigmund (D:5)
  A water moccasin (D:9)
  A black bear (D:6)
  An ice beast (D:6)
  2 sky beasts
  A necrophage (D:6)
  An ogre (D:4)
  A centaur (D:9)
  2 bullfrogs
  5 scorpions
  A howler monkey (D:5)
  2 centaur zombies (Ossuary)
  A quasit (D:9)
  A human zombie (Ossuary)
  2 orc priests (D:4)
  2 hounds (D:4)
  An orc wizard (D:6)
  Terence (D:3)
  A hell rat (D:5)
  2 iguanas
  5 worker ants
  3 ogre zombies (Ossuary)
  8 mummies
  8 adders
  6 river rats (D:5)
  A white imp (D:6)
  3 adder zombies (Ossuary)
  A worm zombie (D:4)
  3 worms
  A dart slug (D:5)
  2 leopard geckos
  11 orcs
  A bat zombie (D:1)
  5 giant cockroaches
  8 hobgoblins
  10 jackals
  4 quokkas
  8 bats
  9 frilled lizards
  A giant cockroach zombie (D:1)
  5 goblins
  4 goblin zombies (Ossuary)
  3 hobgoblin zombies (Ossuary)
  A jackal zombie (D:5)
  9 kobolds
  6 kobold zombies (Ossuary)
  A quokka skeleton (D:5)
  2 quokka zombies (Ossuary)
  29 rats
188 creatures vanquished.

Vanquished Creatures (collateral kills)
  An orc priest (D:6)
  A worker ant (D:6)
2 creatures vanquished.

Vanquished Creatures (others)
  570 foxfires
570 creatures vanquished.

Grand Total: 760 creatures vanquished

Notes
Turn   | Place    | Note
-------+----------+-------------------------------------------
     0 | D:1      | Apogee the Deep Elf Fire Elementalist began the quest for
                  | the Orb.
     0 | D:1      | Reached XP level 1. HP: 10/10 MP: 6/6
   238 | D:1      | Reached XP level 2. HP: 15/15 MP: 6/8
  1110 | D:2      | Reached XP level 3. HP: 19/19 MP: 6/10
  1520 | D:2      | Reached skill level 4 in Spellcasting
  1793 | D:2      | Reached XP level 4. HP: 24/24 MP: 9/12
  2487 | D:3      | Found a runed translucent gate.
  2488 | D:3      | Found a runed translucent gate.
  2488 | D:3      | Found a runed translucent gate.
  2616 | D:3      | Found a runed translucent door.
  2617 | D:3      | Noticed Crazy Yiuf
  2635 | D:3      | Noticed Terence
  2648 | D:3      | Killed Terence
  2648 | D:3      | Reached XP level 5. HP: 28/28 MP: 5/14
  2807 | D:3      | Learned a level 4 spell: Sticky Flame
  2882 | D:3      | Reached skill level 5 in Spellcasting
  3236 | D:3      | Noticed jt's ghost (amateur OpIE)
  3326 | D:4      | Found a staircase to the Ecumenical Temple.
  3335 | Temple   | Entered the Ecumenical Temple
  3454 | Temple   | Became a worshipper of Vehumet
  3488 | D:4      | Noticed an ogre
  3492 | D:4      | Killed an ogre
  3492 | D:4      | Reached skill level 5 in Fire Magic
  3557 | D:4      | Reached XP level 6. HP: 32/32 MP: 9/16
  3703 | D:4      | Found a sand-covered staircase.
  3715 | Ossuary  | Entered an ossuary
  4052 | Ossuary  | Reached skill level 6 in Spellcasting
  4062 | Ossuary  | Learned a level 5 spell: Fireball
  4102 | Ossuary  | Reached * piety under Vehumet
  4102 | Ossuary  | Offered knowledge of Magic Dart by Vehumet.
  4435 | Ossuary  | Reached XP level 7. HP: 24/36 MP: 8/18
  4675 | D:4      | Reached skill level 1 in Fighting
  4675 | D:4      | Reached skill level 5 in Conjurations
  4678 | D:4      | Offered knowledge of Sandblast by Vehumet.
  4688 | D:4      | Reached ** piety under Vehumet
  4688 | D:4      | Reached skill level 7 in Spellcasting
  4941 | D:4      | Learned a level 1 spell: Sandblast
  5717 | D:5      | Entered Level 5 of the Dungeon
  5721 | D:5      | Found Qairaig's Jewellery Shoppe.
  5781 | D:5      | Noticed Sigmund
  6096 | D:5      | Killed Sigmund
  6096 | D:5      | Reached XP level 8. HP: 33/44 MP: 14/21
  6334 | D:5      | Noticed Lanoc's ghost (novice TrDe)
  6374 | D:5      | Found a transporter.
  6378 | D:5      | Found a transporter.
  6596 | D:5      | Reached skill level 8 in Spellcasting
  6661 | D:5      | Reached skill level 1 in Shields
  6743 | D:5      | Found a snail-covered altar of Cheibriados.
  6991 | D:5      | Found the +2 ratskin cloak {*Rats rPois rN+ Str-1 Int-1
                  | Dex+1}
  7275 | D:5      | Offered knowledge of Mephitic Cloud by Vehumet.
  7280 | D:5      | Learned a level 3 spell: Mephitic Cloud
  7863 | D:6      | Found a transporter.
  7886 | D:6      | You fall into a shaft and drop 3 floors!
  7921 | D:9      | Reached XP level 9. HP: 44/48 MP: 13/23
  8004 | D:9      | Reached skill level 9 in Spellcasting
  8272 | D:9      | Noticed Harold
  8281 | D:9      | Killed from afar by Harold

Illustrated notes

Levels and vault maps discovered:
D:1:      saegor_arrival_fortress, layout_basic
D:2:      layout_loops_corners
D:3:      layout_basic, gammafunk_ghost_icy, grunt_ministairs_1,
          uniq_crazy_yiuf_cottage, uniq_terence
D:4:      layout_basic, minmay_temple_entry_slanted, enter_ossuary_3
D:5:      wander_guarded_unrand_ratskin, layout_basic, slow_altar_2,
          serial_shops, shop, gammafunk_ghost_hive, uniq_sigmund
D:6:      layout_loops_ring, gammafunk_ghost_arena, kennysheep_generic_room_13
D:9:      layout_roguey, led_sif_book, uniq_harold
Temple:   kilobyte_greek_temple

Skill      XL: |  1  2  3  4  5  6  7  8  9 |
---------------+----------------------------+-----
Conjurations   | 2 3 4 5 7 |  7.3
Fire Magic     | 4 5 6 7 |  7.9
Spellcasting   | 4 5 6 7 8 9 |  9.2
Fighting       | 2 |  2.0
Shields        | 2 |  2.0
Dodging        | |  2.4
Stealth        | |  2.4

Action                   |  1- 3 |  4- 6 |  7- 9 || total
-------------------------+-------+-------+-------++-------
Melee: Unarmed           |     3 |       |       ||     3
       Club              |    20 |    21 |       ||    41
       Short sword       |       |       |    56 ||    56
 Cast: Foxfire           |    81 |   179 |   106 ||   366
       Fireball          |       |       |     8 ||     8
       Sticky Flame      |       |       |    24 ||    24
Evoke: Wand              |       |       |     2 ||     2
  Use: Scroll            |       |       |     8 ||     8
 Stab: Sleeping          |     1 |     1 |     2 ||     4
Armor: Robe              |    15 |    16 |    27 ||    58
Dodge: Dodged            |    49 |    33 |    62 ||   144
Block: Buckler           |       |       |    13 ||    13

Table legend: (Time is in decaauts)
 A = Elapsed time spent in this place.
 B = Non-inter-level travel time spent in this place.
 C = Inter-level travel time spent in this place.
 D = Time resting spent in this place.
 E = Time spent auto-exploring this place.
 F = Levels seen in this place.
 G = Mean time per level.
                   A        B        C        D        E       F      G
               +--------+--------+--------+--------+--------+-----+--------+
         Total |   8301 |   8120 |    181 |   1592 |   5028 |   9 |  922.3 |
       Dungeon |   7211 |   7059 |    152 |   1366 |   4468 |   7 | 1030.1 |
        Temple |    149 |    120 |     29 |      0 |    114 |   1 |  149.0 |
       Ossuary |    939 |    939 |      0 |    226 |    446 |   1 |  939.0 |
               +--------+--------+--------+--------+--------+-----+--------+

Top non-repeatable levels by time:
     D:5: 1823 daAuts
     D:4: 1467 daAuts
     D:2: 1305 daAuts
     D:1: 1068 daAuts
     D:3: 959 daAuts
 Ossuary: 939 daAuts
     D:9: 395 daAuts
     D:6: 192 daAuts
  Temple: 149 daAuts
